Map: Kairos Junction LE

Players

ManuelBar

  • Race: Terran Terran
  • League: Platinum
  • Spawn Location: 5:00

Parkkatz - Winner!

  • Race: Zerg Zerg
  • League: Platinum
  • Spawn Location: 11:00

VOD

Have the link to the VOD?

Description

Time

  • Played on: June 30, 2019, 1:24 p.m.
  • Length: 15:47
Show
View Real Time Build Order
Export as new Build Order

ManuelBar Terran 

Build Orders:  

Get SALT Encoding   

  12  0:03  SCV  
  13  0:14  Refinery  
  13  0:19  Supply Depot  
  13  0:25  SCV  
  14  0:37  SCV  
  15  0:59  SCV  
  15  1:03  Barracks  
  16  1:05  Barracks  
  16  1:12  SCV  
  17  1:20  Supply Depot  
  17  1:24  SCV  
  18  1:36  SCV  
  19  1:42  Supply Depot  
  19  1:48  SCV  
  19  1:51  Marine x2  
  22  2:07  Bunker  
  22  2:09  Marine x2  
  22  2:13  Bunker  
  24  2:27  Marine x2  
  26  2:36  Factory  
  26  2:46  Marine x2  
  28  3:00  Orbital Command  
  28  3:06  Marine x2  
  28  3:07  Refinery  
  30  3:28  Hellion  
  30  3:31  SCV  
  30  3:34  Marine x2  
  33  3:37  Bunker  
  35  3:44  SCV  
  36  3:49  Hellion  
  38  3:58  Starport  
  38  4:05  Supply Depot  
  38  4:17  Factory Tech Lab  
  38  4:21  Supply Depot  
  37  4:44  Viking  
  39  5:03  Siege Tank  
  42  5:21  Command Center  
  42  5:29  Viking  
  36  5:59  Barracks Tech Lab  
  36  6:03  Siege Tank  
  39  6:06  Barracks Reactor  
  39  6:11  Command Center  
  35  6:14  Factory  
  35  6:26  Stimpack  
  35  6:30  Starport Reactor  
  35  6:34  Supply Depot, Orbital Command  
  35  6:53  Marine x2, Marauder  
  39  7:04  Liberator  
  39  7:13  SCV  
  40  7:16  Siege Tank  
  40  7:17  Factory Tech Lab  
  46  7:25  SCV  
  46  7:29  Orbital Command  
  47  7:37  SCV  
  48  7:44  Siege Tank  
  48  7:49  SCV  
  52  7:54  Marine x2, Marauder  
  56  8:01  SCV  
  57  8:14  SCV  
  58  8:26  SCV  
  59  8:35  Orbital Command  
  59  8:38  SCV  
  60  8:48  SCV  
  60  8:50  Marine, Marauder  
  60  8:51  Siege Tank x2, SCV  
  71  8:59  Factory  
  71  9:00  SCV x2  
  73  9:03  SCV  
  73  9:09  Refinery  
  74  9:12  Refinery, SCV  
  74  9:13  SCV  
  74  9:15  SCV  
  77  9:20  Engineering Bay  
  77  9:23  Hellion  
  79  9:24  SCV  
  79  9:25  SCV  
  79  9:27  SCV  
  79  9:28  Armory  
  82  9:34  Supply Depot x2  
  82  9:36  Supply Depot, SCV  
  82  9:37  SCV  
  84  9:38  Supply Depot  
  84  9:39  SCV  
  84  9:42  Mag-Field Accelerator  
  84  9:43  Factory Tech Lab  
  85  9:48  SCV  
  85  9:49  SCV  
  85  9:51  SCV  
  84  10:00  Marine x2, Marauder, SCV  
  84  10:01  SCV  
  84  10:03  SCV  
  91  10:09  Command Center  
  91  10:12  SCV  
  91  10:13  SCV  
  93  10:15  SCV  
  93  10:18  Marine  
  93  10:20  Refinery  
  95  10:23  Siege Tank x2  
  95  10:24  Refinery  
  95  10:25  SCV x2  
  95  10:27  Missile Turret, SCV  
  104  10:34  Missile Turret x2  
  104  10:36  Terran Vehicle Weapons Level 1  
  104  10:37  Hi-Sec Auto Tracking, SCV x2  
  104  10:39  SCV  
  104  10:42  Missile Turret  
  107  10:47  Missile Turret x2  
  107  10:50  Missile Turret  
  107  10:52  SCV  
  107  10:54  Missile Turret  
  107  10:55  Missile Turret, SCV x2  
  110  11:00  Cyclone  
  110  11:03  Liberator  
  110  11:04  SCV  
  114  11:05  Supply Depot  
  114  11:07  Missile Turret, SCV x2  
  116  11:12  Cyclone  
  116  11:13  Cyclone  
  116  11:16  SCV  
  123  11:19  SCV x2  
  123  11:20  Supply Depot  
  128  11:26  Marine x2, Marauder  
  128  11:29  Missile Turret  
  128  11:32  Cyclone  
  135  11:35  Engineering Bay  
  135  11:43  Supply Depot, Marine  
  135  11:44  Supply Depot  
  135  11:45  Starport  
  136  11:48  Supply Depot, Missile Turret  
  136  12:01  Marine x2  
  136  12:02  Marauder  
  136  12:03  Siege Tank x2  
  136  12:04  Siege Tank  
  149  12:19  Marine x2  
  149  12:22  Command Center  
  151  12:28  Marauder  
  153  12:30  Terran Ship Weapons Level 1  
  153  12:35  Siege Tank x2  
  153  12:36  Siege Tank  
  162  12:37  Marine x2  
  164  12:44  Command Center  
  163  13:07  Siege Tank x2  
  163  13:08  Siege Tank  
  170  13:56  Siege Tank x2  
  154  14:11  Marine x2, Marauder  
  154  14:12  Hellion  
  160  14:28  Hellion x2  
  164  14:34  Hellion  
  139  14:44  Refinery  
  118  14:49  Hellion x2  
  87  15:16  Marine  
  87  15:17  Marine, Marauder  
Show
View Real Time Build Order
Export as new Build Order

Parkkatz Zerg - Winner!

Build Orders: Hatch First 

Get SALT Encoding   

  12  0:01  Drone  
  13  0:12  Overlord  
  13  0:23  Drone  
  14  0:31  Drone x2  
  14  0:35  Drone  
  17  0:54  Hatchery  
  16  0:57  Drone  
  16  1:00  Drone  
  18  1:14  Spawning Pool  
  18  1:16  Extractor  
  16  1:21  Drone  
  16  1:22  Drone  
  18  1:37  Drone  
  19  1:40  Overlord  
  19  2:01  Queen  
  19  2:03  Zergling x2  
  19  2:04  Zergling x2  
  19  2:06  Queen  
  19  2:07  Zergling x2  
  26  2:18  Roach Warren  
  26  2:19  Extractor  
  26  2:20  Drone  
  24  2:32  Spine Crawler  
  24  2:35  Drone x2  
  23  2:53  Zergling x4  
  25  3:11  Roach x5  
  34  3:37  Overlord x2  
  34  3:56  Ravager x4  
  34  3:59  Drone x4  
  42  4:16  Metabolic Boost  
  42  4:17  Roach  
  44  4:48  Overlord x2  
  44  5:19  Lair  
  37  5:36  Roach x5  
  37  5:37  Roach  
  40  5:57  Roach x3  
  40  5:58  Roach x3  
  52  6:07  Hatchery  
  49  6:14  Spore Crawler  
  48  6:21  Glial Reconstitution  
  48  6:25  Drone, Evolution Chamber  
  48  6:26  Drone x2  
  50  6:44  Overlord x2  
  50  6:55  Overlord x2  
  50  6:59  Overseer  
  48  7:17  Zerg Missile Weapons Level 1  
  48  7:21  Drone x3  
  48  7:22  Drone  
  52  7:36  Spore Crawler  
  51  7:39  Hydralisk Den  
  51  7:41  Drone  
  51  7:42  Drone  
  52  7:49  Drone x2  
  54  8:00  Queen  
  55  8:17  Queen  
  57  8:22  Muscular Augments  
  57  8:29  Drone x3  
  57  8:30  Drone x3  
  63  8:37  Roach x2  
  67  8:50  Drone x3  
  67  8:52  Extractor  
  67  8:53  Extractor  
  68  8:56  Roach x2  
  68  8:57  Roach  
  68  9:00  Ravager x2  
  76  9:12  Overlord x3  
  76  9:34  Zerg Missile Weapons Level 2  
  76  9:36  Drone  
  76  9:37  Drone x2  
  76  9:38  Hatchery  
  78  9:39  Drone  
  78  9:41  Drone  
  57  10:00  Hydralisk x5  
  67  10:09  Roach  
  67  10:10  Roach  
  67  10:11  Roach  
  73  10:16  Drone  
  73  10:17  Drone  
  73  10:18  Drone  
  76  10:28  Hydralisk x2  
  76  10:34  Drone x2  
  76  10:35  Drone  
  83  10:46  Drone x4  
  83  10:47  Drone  
  83  10:48  Drone  
  89  10:50  Drone  
  89  10:52  Spore Crawler  
  89  10:54  Hydralisk  
  91  10:59  Grooved Spines  
  91  11:05  Drone x3  
  91  11:09  Extractor  
  91  11:10  Extractor  
  92  11:17  Zergling x8  
  92  11:18  Zergling x4  
  98  11:24  Baneling Nest  
  97  11:26  Drone x2  
  97  11:27  Drone x2  
  97  11:28  Drone  
  102  11:43  Drone x3  
  102  11:44  Drone, Overlord x3  
  106  11:48  Overlord  
  106  12:02  Zerg Ground Armor Level 1  
  106  12:05  Pneumatized Carapace  
  106  12:15  Drone x2  
  108  12:20  Hydralisk x5  
  108  12:21  Hydralisk  
  120  12:33  Hatchery  
  120  12:35  Hydralisk  
  120  12:36  Hydralisk x4  
  129  12:37  Hydralisk  
  131  12:47  Evolution Chamber  
  130  12:59  Zergling x10  
  130  13:00  Zergling x6  
  137  13:22  Overlord x2  
  137  13:23  Overlord x5  
  137  13:28  Baneling x5  
  137  13:29  Baneling x2  
  137  13:43  Hydralisk x11  
  157  13:50  Spire  
  157  13:52  Drone  
  157  13:53  Drone x3  
  151  14:07  Zergling x20  
  151  14:08  Zergling x2  
  151  14:09  Zergling x2  
  153  14:22  Queen  
  153  14:23  Drone  
  156  14:26  Drone x3  
  156  14:27  Drone  
  120  14:47  Hydralisk  
  120  14:48  Hydralisk x7  
  121  15:02  Zergling x6  
  121  15:03  Zergling x8  
  124  15:11  Zergling x18  
  124  15:12  Zergling x4  
  135  15:19  Zergling x2  
  135  15:20  Zergling x2  
  137  15:25  Drone x3  
  137  15:27  Extractor  
  137  15:28  Extractor  
Tags
 
Add a new tag
Caveats
  • Supply blocks, unpowered buildings, or Contaminate may cause inaccurate times.
  • Supply counts are checked every 10 seconds.